 Dungeon Crawl Stone Soup version 0.25-a0-707-g603da07 (webtiles) character file.

Game seed: 1127405885530100648, levelgen mode: deterministic

3964 MrTaco21 the Basher (level 10, -4/56 HPs)
             Began as a Gargoyle Fighter on Apr 4, 2020.
             Was a Follower of Qazlal.
             Slain by a polar bear (18 damage)
             ... on level 8 of the Dungeon.
             The game lasted 00:18:21 (8715 turns).

MrTaco21 the Basher (Gargoyle Fighter)              Turns: 8715, Time: 00:18:21

Health: -4/56      AC: 20    Str: 18    XL:     10   Next: 22%
Magic:  10/10      EV:  8    Int: 10    God:    Qazlal [*.....]
Gold:   481        SH: 11    Dex:  9    Spells: 9/9 levels left

rFire    + + .     SeeInvis +   A - +5 flail
rCold    + . .     Gourm    .   w - +0 kite shield
rNeg     + . .     Faith    .   I - +2 ring mail of Sovereignty {+Blink rF+ rC+ Str-4}
rPois    ∞         Spirit   .   E - +2 helmet {SInv}
rElec    +         Reflect  .   (no cloak)
rCorr    .         Harm     .   h - +0 pair of gloves
MR       .....                  n - +0 pair of boots
Stlth    ..........             (no amulet)
HPRegen  0.18/turn              i - ring of protection from fire
MPRegen  0.12/turn              J - +1 ring of slaying

@: no status effects
A: negative energy resistance 1, electricity resistance, unbreathing,
petrification resistance, rot immunity, AC +7
a: Renounce Religion, Evoke Blink


You were on level 8 of the Dungeon.
You worshipped Qazlal.
Qazlal was aware of your devotion.
You were not hungry.

You visited 2 branches of the dungeon, and saw 9 of its levels.
You also visited: Sewer.

You collected 481 gold pieces.

Inventory:

Hand Weapons
 g - a +0 morningstar
   (You took it off an orc on level 5 of the Dungeon)
 A - a +5 flail (weapon)
   (You took it off a wight on level 6 of the Dungeon)
Missiles
 p - 96 poisoned darts (quivered)
Armour
 h - a +0 pair of gloves (worn)
   (You found it on level 2 of the Dungeon)
 n - a +0 pair of boots (worn)
   (You found it on level 1 of the Dungeon)
 w - a +0 kite shield (worn)
 E - a +2 helmet of see invisible (worn)
   (You found it on level 6 of the Dungeon)
 I - the +2 ring mail of Sovereignty (worn) {+Blink rF+ rC+ Str-4}
   (You found it on level 7 of the Dungeon)

   It affects your strength (-4).
   It protects you from fire.
   It protects you from cold.
   It lets you blink.
Jewellery
 f - an uncursed ring of fire
   (You found it on level 1 of the Dungeon)
 i - a ring of protection from fire (left hand)
   (You found it on level 7 of the Dungeon)
 J - a +1 ring of slaying (right hand)
   (You found it on level 7 of the Dungeon)
Wands
 c - a wand of disintegration (21)
   (You found it on level 7 of the Dungeon)
 x - a wand of acid (12)
   (You found it on level 4 of the Dungeon)
Scrolls
 j - 6 scrolls of remove curse {unknown}
 m - 7 scrolls of identify {@r1}
 o - a scroll of noise {unknown}
 s - a scroll of teleportation {unknown}
 t - 3 scrolls of amnesia {unknown}
 y - 5 scrolls of magic mapping {unknown}
 C - a scroll of blinking {unknown}
 D - a scroll of immolation {unknown}
 F - 2 scrolls of fear {unknown}
 G - a scroll of brand weapon {unknown}
Potions
 d - a potion of might
 k - 2 potions of stabbing {unknown}
 l - 6 potions of curing {unknown}
 q - 2 potions of heal wounds {unknown}
 r - a potion of magic {unknown}
 u - a potion of haste {unknown}
 v - a potion of resistance {unknown}
 z - a potion of mutation {unknown}
 B - 4 potions of flight {unknown}
Comestibles
 e - 16 rations {!d}


   Skills:
 - Level 3.2 Fighting
 + Level 13.0 Maces & Flails
 - Level 3.2 Armour
 + Level 7.0 Shields


You had 9 spell levels left.
You didn't know any spells.
Your spell library contained the following spells:

 Spells                   Type           Power        Failure   Level  Hunger
 Animate Skeleton         Necr           N/A          88%         1    ##.....
 Apportation              Tloc           #.....       88%         1    ##.....
 Corona                   Hex            #......      88%         1    ##.....
 Summon Small Mammal      Summ           #...         88%         1    ##.....
 Ensorcelled Hibernation  Hex/Ice        #.....       95%         2    ###....
 Confusing Touch          Hex            #.......     99%         3    ####...
 Gell's Gravitas          Tloc           #.........   99%         3    ####...
 Petrify                  Tmut/Erth      #.......     100%        4    #####..
 Borgnjor's Vile Clutch   Necr/Erth      #.........   100%        5    ######.
 Metabolic Englaciation   Hex/Ice        #.........   100%        5    ######.
 Silence                  Hex/Air        #.........   100%        5    ######.
 Yara's Violent Unravell  Hex/Tmut       #.........   100%        5    ######.
 Darkness                 Hex            #.........   100%        6    #######
 Shadow Creatures         Summ           N/A          100%        6    #######


Dungeon Overview and Level Annotations

Branches:
Dungeon (8/15)             Temple (1/1) D:7           Sewer (visited)
   Lair: D:8-11

Altars:
Ashenzari
Cheibriados
Fedhas
Gozag
Hepliaklqana
Kikubaaqudgha
Makhleb
Nemelex Xobeh
Okawaru
Qazlal
Sif Muna
Trog
Uskayaw
Vehumet
Wu Jian
Xom
Yredelemnul
Zin

Shops:
D:5 %   D:6 }


Innate Abilities, Weirdness & Mutations

You are resistant to torment.
Your stone body is resilient. (AC +7)
You are immune to poison.
You resist negative energy. (rN+)
You are resistant to electric shocks. (rElec)
You can survive without breathing.
You are immune to petrification.
You are immune to rotting.


Message History

Items here: ( ))) a +0 shortbow; 18 arrows; a +0 club x2
You see here an arrow.
There is an open door here.
There is an open door here.
You are near starving!
You eat one of the 17 rations {!d}.
That ration really hit the spot!
There is an open door here.
There is an open door here.
There is an open door here.
There is a stone staircase leading down here.
You climb downwards.
You hear the roar of battle.
There is an entrance to a bailey on this level.
Hurry and find it before the portal closes forever!
Found 20 gold pieces and a wooden ring.
There is a stone staircase leading up here.
An iguana and a polar bear come into view.
The polar bear growls angrily.
You closely miss the polar bear. You hit the polar bear.
The polar bear closely misses you.
The polar bear claws you but does no damage.
You block the polar bear's attack.
You sock the polar bear! You block the polar bear's attack. x2
The polar bear closely misses you.
You hit the polar bear. The polar bear bites you!
You block the polar bear's attack. x2
You closely miss the polar bear. You hit the polar bear.
The polar bear barely misses you. You block the polar bear's attack.
The polar bear claws you but does no damage.
You closely miss the polar bear. You block the polar bear's attack. x2
The polar bear claws you but does no damage.
You hit the polar bear. The polar bear bites you! The polar bear claws you.
The polar bear claws you but does no damage.
You thump the polar bear!
The polar bear goes berserk!
You hit the polar bear but do no damage.
The polar bear bites you!
* * * LOW HITPOINT WARNING * * *
The polar bear claws you but does no damage.
You block the polar bear's attack.
You completely miss the polar bear. You block the polar bear's attack.
The polar bear misses you. The polar bear claws you.
* * * LOW HITPOINT WARNING * * *
Unknown command.
You hit the polar bear. The polar bear bites you!
* * * LOW HITPOINT WARNING * * *
You block the polar bear's attack. The polar bear claws you.
* * * LOW HITPOINT WARNING * * *
You hit the polar bear. The polar bear bites you!!
You die...

### ....
....
####.=#.#.
#.@hl..$..
#<##..#.#.
#........
#.##......
#.# ####.
#.# #.#
#.# #.#


You could see a polar bear (berserk) and an iguana.

Vanquished Creatures
  An ugly thing (D:7)
  Grinder (Sewer)
  Prince Ribbit (D:5)
  A hungry ghost (D:7)
  A water moccasin (D:6)
  An ice beast (D:5)
  2 orc warriors (D:7)
  A black bear (D:7)
  A phantom (D:7)
  2 necrophages
  2 ogres
  2 centaurs (D:7)
  2 big kobolds
  3 bullfrogs
  Blork the orc (D:4)
  A wyvern zombie (D:7)
  3 scorpions
  3 wights (D:6)
  5 crimson imps
  A bullfrog zombie (D:5)
  A jelly (D:7)
  2 quasits (Sewer)
  A centaur zombie (D:4)
  4 hounds
  5 orc wizards
  2 orc priests
  An iguana (D:5)
  5 worker ants
  5 big kobold zombies (Sewer)
  2 worker ant zombies (D:7)
  A howler monkey zombie (D:3)
  A gnoll (D:7)
  11 adders
  2 river rats (D:5)
  3 shadow imps
  3 ufetubi (Sewer)
  3 oozes
  An adder zombie (D:7)
  2 adder skeletons (D:4)
  11 worms
  A dart slug (D:2)
  4 leopard geckos
  12 orcs
  10 bats
  8 giant cockroaches
  6 goblins
  8 hobgoblins
  17 jackals
  17 kobolds
  4 quokkas
  4 ball pythons
  4 frilled lizards
  A giant cockroach zombie (D:5)
  A jackal skeleton (D:7)
  4 kobold zombies (Sewer)
  A quokka zombie (D:7)
  6 rats
209 creatures vanquished.

Vanquished Creatures (others)
  A giant cockroach zombie (Sewer)
1 creature vanquished.

Grand Total: 210 creatures vanquished

Notes
Turn   | Place    | Note
-------+----------+-------------------------------------------
     0 | D:1      | MrTaco21 the Gargoyle Fighter began the quest for the Orb.
     0 | D:1      | Reached XP level 1. HP: 14/14 MP: 1/1
   224 | D:1      | Reached XP level 2. HP: 19/19 MP: 2/2
   862 | D:2      | Reached skill level 3 in Maces & Flails
   969 | D:2      | Reached XP level 3. HP: 23/23 MP: 3/3
  1212 | D:2      | You fall into a shaft and drop 2 floors!
  1214 | D:4      | Found a blossoming altar of Fedhas.
  1220 | D:4      | Reached skill level 4 in Maces & Flails
  1274 | D:4      | Reached XP level 4. HP: 18/28 MP: 4/4
  2053 | D:3      | Reached skill level 5 in Maces & Flails
  2063 | D:3      | Reached XP level 5. HP: 32/32 MP: 5/5
  2343 | D:3      | Reached skill level 6 in Maces & Flails
  2529 | D:4      | Reached XP level 6. HP: 37/37 MP: 6/6
  2643 | D:4      | Noticed Blork the orc
  2671 | D:4      | Killed Blork the orc
  2671 | D:4      | Reached skill level 7 in Maces & Flails
  2893 | D:4      | Found a hazy altar of Hepliaklqana.
  2952 | D:4      | Reached XP level 7. HP: 7/41 MP: 7/7
  3304 | D:4      | Found an ancient bone altar of Kikubaaqudgha.
  3418 | D:5      | Entered Level 5 of the Dungeon
  3464 | D:5      | Reached skill level 8 in Maces & Flails
  3621 | D:5      | Found Xivi's Food Emporium.
  3690 | D:5      | Found a glowing drain.
  3708 | Sewer    | Entered a sewer
  3864 | Sewer    | Found a burning altar of Makhleb.
  3974 | Sewer    | Noticed Grinder
  3981 | Sewer    | Paralysed by Grinder for 2 turns
  3990 | Sewer    | Killed Grinder
  3990 | Sewer    | Reached skill level 9 in Maces & Flails
  3990 | Sewer    | Reached XP level 8. HP: 43/46 MP: 8/8
  4012 | Sewer    | Got a pitted quarterstaff
  4235 | D:5      | Noticed Prince Ribbit
  4488 | D:5      | Reached skill level 10 in Maces & Flails
  5533 | D:5      | Killed Prince Ribbit
  5533 | D:5      | Reached skill level 11 in Maces & Flails
  5823 | D:5      | Identified the +8 quarterstaff of the Eggplant {flame,
                  | Int+3 Stlth+} (You found it in a sewer)
  5947 | D:6      | Found Setuj's Gadget Boutique.
  6067 | D:6      | Reached XP level 9. HP: 49/51 MP: 9/9
  6300 | D:6      | Found an ornate altar of the Wu Jian Council.
  6300 | D:6      | Found a bloodstained altar of Trog.
  6305 | D:6      | Found a shimmering altar of Xom.
  6307 | D:6      | Found a shattered altar of Ashenzari.
  6309 | D:6      | Found a radiant altar of Vehumet.
  6794 | D:6      | Reached skill level 12 in Maces & Flails
  7008 | D:7      | Found a staircase to the Ecumenical Temple.
  7037 | Temple   | Entered the Ecumenical Temple
  7091 | Temple   | Became a worshipper of Qazlal Stormbringer
  7509 | D:7      | Reached skill level 5 in Shields
  7570 | D:7      | Found a runed translucent door.
  7571 | D:7      | Found a runed translucent door.
  7572 | D:7      | Found a runed translucent door.
  8080 | D:7      | Noticed a purple ugly thing
  8089 | D:7      | Reached XP level 10. HP: 56/56 MP: 10/10
  8238 | D:7      | Killed a purple ugly thing
  8238 | D:7      | Reached * piety under Qazlal
  8238 | D:7      | Reached skill level 13 in Maces & Flails
  8576 | D:7      | Got a topaz-encrusted ring mail
  8580 | D:7      | Identified the +2 ring mail of Sovereignty {+Blink rF+ rC+
                  | Str-4} (You found it on level 7 of the Dungeon)
  8715 | D:8      | Slain by a polar bear

Levels and vault maps discovered:
D:1:      giann_forest_graveyard, layout_loops_corners, minmay_cupped
D:2:      layout_basic, minmay_pentomino_z2
D:3:      layout_rooms, minmay_ruptured
D:4:      layout_loops_ring, grunt_temple_overflow_growth_and_decay,
          old_standard_altar, first_ration, uniq_blork_the_orc
D:5:      layout_loops_corners, serial_shops, shop, lightli_sewer_entry_pipes,
          kennysheep_generic_room_3, uniq_prince_ribbit1
D:6:      layout_loops_corners, chequers_temple_overflow_minitemple,
          serial_shops, shop, hangedman_decor_slide_cut, roderic_roman_lattice
D:7:      minmay_the_grid_triangle_9x9_rhombus_full
          [minmay_the_grid_triangle_9x9_flanged_cone,
          minmay_the_grid_triangle_9x9_corrupted_corridor,
          minmay_the_grid_triangle_9x9_minimal,
          minmay_the_grid_triangle_9x9_odd_lines,
          minmay_the_grid_triangle_9x9_limited_checkers,
          minmay_the_grid_triangle_9x9_fully_insulated_deathbox,
          minmay_the_grid_triangle_9x9_from_above,
          minmay_the_grid_triangle_9x9_prize_top_heavy], layout_loops_cross,
          minmay_temple_entry_junction_2
D:8:      layout_basic, grunt_temple_overflow_open, kennysheep_mini_moat,
          enter_bailey_2, serial_ice, serial_ice_e, serial_ice_d, serial_ice_f,
          serial_ice_g, serial_ice_b, serial_ice_o, serial_ice_k, serial_ice_a
Temple:   eino_wide_crystal_templ

Skill      XL: |  1  2  3  4  5  6  7  8  9 10 |
---------------+-------------------------------+-----
Maces & Flails | 3 4 5 6 7 9 11 12 13 | 13.0
Shields        | 6 7 |  7.0
Fighting       | |  3.2
Armour         | |  3.2

Action                   |  1- 3 |  4- 6 |  7- 9 | 10-12 || total
-------------------------+-------+-------+-------+-------++-------
Melee: Flail             |   130 |   236 |   570 |    67 ||  1003
       Morningstar       |       |       |    79 |       ||    79
Throw: Dart              |       |       |     2 |       ||     2
  Use: Scroll            |       |       |     1 |     1 ||     2
  Eat: Chunk             |     1 |     6 |    19 |       ||    26
       Ration            |       |       |     1 |     1 ||     2
Armor: Scale mail        |    63 |   165 |   435 |    15 ||   678
       Ring mail         |       |       |       |     5 ||     5
Dodge: Dodged            |    40 |    91 |   222 |    11 ||   364
Block: Kite shield       |    73 |   131 |   345 |    26 ||   575

Table legend:
 A = Non-vault XP
 B = Vault XP
 C = Vault XP percentage of total XP
 D = Non-vault monster count
 E = Vault monster count
 F = Vault count percentage of total count
                 A         B        C        D         E       F
            +---------+---------+-------+---------+---------+-------
      Total |    2876 |    2788 |  49.2 |     136 |      73 |  34.9
            +---------+---------+-------+---------+---------+-------
        D:1 |      13 |       5 |  27.8 |       6 |       3 |  33.3
        D:2 |      74 |       5 |   6.3 |      24 |       1 |   4.0
        D:3 |     143 |      15 |   9.5 |      25 |       2 |   7.4
        D:4 |     378 |      90 |  19.2 |      13 |       1 |   7.1
        D:5 |     508 |     391 |  43.5 |      26 |      16 |  38.1
        D:6 |     867 |       0 |   0.0 |      23 |       0 |   0.0
        D:7 |     893 |    1622 |  64.5 |      19 |      16 |  45.7
      Sewer |       0 |     660 | 100.0 |       0 |      34 | 100.0
            +---------+---------+-------+---------+---------+-------
